 Dungeon Crawl Stone Soup version 0.23.2 (webtiles) character file.

Game seed: 14782670740166563856

3525 Illumine the Cleaver (level 9, -10/82 HPs)
             Began as a Deep Dwarf Fighter on Oct 9, 2019.
             Was a Follower of Makhleb.
             Mangled by a two-headed ogre
             ... wielding a +0 giant club
              (19 damage)
             ... on level 8 of the Dungeon.
             The game lasted 00:07:47 (5457 turns).

Illumine the Cleaver (Deep Dwarf Fighter)           Turns: 5457, Time: 00:07:47

Health: -10/82     AC: 10    Str: 25    XL:     9   Next: 82%
Magic:  5/5        EV:  3    Int:  9    God:    Makhleb [*.....]
Gold:   206        SH:  8    Dex: 12    Spells: 8/8 levels left

rFire    . . .     SeeInvis .   E - +5 war axe of the Beast {chop, rC+}
rCold    + . .     Gourm    .   c - +0 shield
rNeg     . . .     Faith    .   o - +0 plate armour
rPois    .         Spirit   .   (no helmet)
rElec    .         Reflect  .   (no cloak)
rCorr    +         Harm     .   (no gloves)
MR       +....                  (no boots)
Stlth    ..........             (no amulet)
HPRegen  0.00/turn              h - ring of resist corrosion
MPRegen  0.09/turn              y - +2 ring of strength

@: non-regenerating, extremely drained
A: damage resistance, heal wounds, sense surroundings 2, no regeneration
a: Heal Wounds, Renounce Religion


You were on level 8 of the Dungeon.
You worshipped Makhleb.
Makhleb was aware of your devotion.
You were not hungry.

You visited 2 branches of the dungeon, and saw 9 of its levels.
You also visited: Ossuary.

You collected 692 gold pieces.
You spent 486 gold pieces at shops.

Inventory:

Hand Weapons
 a - a +0 war axe
 E - the +5 war axe of the Beast (weapon) {chop, rC+}
   (You bought it in a shop on level 4 of the Dungeon)

   It inflicts extra damage upon your enemies.
   It protects you from cold.
Armour
 c - a +0 shield (worn)
 o - a +0 plate armour (worn)
Jewellery
 h - a ring of resist corrosion (left hand)
 y - a +2 ring of strength (right hand)
Wands
 e - a wand of enslavement (9)
 w - a wand of random effects (22)
 x - a wand of flame (8)
Scrolls
 d - 3 scrolls of fog
 i - 2 scrolls of magic mapping
 j - 5 scrolls of teleportation
 l - 8 scrolls of remove curse
 m - a scroll of fear
 r - a scroll of immolation {unknown}
 s - a scroll of enchant weapon {unknown}
 t - a scroll of blinking
 u - 5 scrolls of enchant armour {unknown}
 z - 3 scrolls of identify
 D - 2 scrolls of noise {unknown}
Potions
 b - 2 potions of heal wounds
 g - a potion of mutation {unknown}
 k - a potion of berserk rage
 n - 2 potions of cancellation {unknown}
 p - a potion of lignification {unknown}
 q - 2 potions of degeneration {unknown}
 v - 6 potions of curing {unknown}
 A - a potion of ambrosia {unknown}
 B - a potion of agility {unknown}
 C - a potion of flight {unknown}
Comestibles
 f - 15 rations


   Skills:
 + Level 6.2(0.0) Fighting
 * Level 9.8(1.7) Axes
 + Level 7.6(0.0) Armour
 + Level 7.5(0.0) Shields
 + Level 3.1(0.0) Invocations


You had 8 spell levels left.
You didn't know any spells.
Your spell library contained the following spells:

 Spells                   Type           Power        Failure   Level  Hunger
 Sandblast                Erth           #.....       100%        1    ##.....
 Passwall                 Tmut/Erth      #.......     100%        2    ###....
 Stone Arrow              Conj/Erth      #.....       100%        3    ####...
 Petrify                  Tmut/Erth      #.......     100%        4    #####..
 Lee's Rapid Deconstruct  Erth           #.........   100%        5    ######.


Dungeon Overview and Level Annotations

Branches:
Dungeon (8/15)             Temple (1/1) D:7
   Lair: D:8-11

Altars:
Cheibriados
Elyvilon
Makhleb
Nemelex Xobeh
Qazlal
Xom
The Shining One

Shops:
D:4 (   D:7 =   D:8 (


Innate Abilities, Weirdness & Mutations

You are resistant to damage.
You can heal yourself by infusing magical energy.
You passively map the area around you.
You do not regenerate.


Message History

The two-headed ogre hits you with a +0 giant club!
The two-headed ogre hits you with a +0 giant club.
You hit the two-headed ogre.
The two-headed ogre is severely wounded.
You block the two-headed ogre's attack. x2
You slash the two-headed ogre!
The two-headed ogre is almost dead.
The two-headed ogre barely misses you.
The two-headed ogre hits you with a +0 giant club.
You barely miss the two-headed ogre.
The two-headed ogre is almost dead.
The two-headed ogre hits you but does no damage.
The two-headed ogre hits you with a +0 giant club!
* * * LOW HITPOINT WARNING * * *
You barely miss the two-headed ogre.
The two-headed ogre is almost dead.
The two-headed ogre hits you with a +0 giant club!
* * * LOW HITPOINT WARNING * * *
The two-headed ogre hits you with a +0 giant club!!
You die...

##..##.#....#........
#......#.###.##.#..##
#..♣####.# #. #.#..# *
*#...# #.# #.##.#..## *
*#.♣∩♣ #.# #.##.#....
#...# ##.###.##.##.#. ,
#..♣., ......##.##.#.
#.#.####...## #.##.#.
#..O@......# *#.#. ,
##...###...####.##.#.
.....#...............#.
*####.......†......####.
#######..####### #.
,#####..### #####.
..........# #.....
.########.# #.#### * ,
#.# #.#


You could see a two-headed ogre.

Vanquished Creatures
  Pikel (D:5)
  Joseph (D:8)
  A hippogriff (D:7)
  Sigmund (D:6)
  Edmund (D:4)
  A water moccasin (D:8)
  An orc warrior (D:7)
  A sky beast (D:5)
  A phantom (D:7)
  A hornet zombie (D:7)
  An ice beast (D:7)
  3 ogres
  A big kobold (D:7)
  2 bullfrogs (D:7)
  A scorpion (D:5)
  3 wights (D:8)
  2 crimson imps
  2 hounds (D:4)
  4 orc priests
  8 orc wizards
  An iguana (D:5)
  Jessica (D:3)
  3 worker ants
  2 big kobold zombies (Ossuary)
  A hound zombie (D:8)
  A hound skeleton (D:5)
  8 mummies (Ossuary)
  A howler monkey skeleton (D:6)
  7 gnolls
  8 adders
  A shadow imp (D:5)
  An ooze (D:1)
  2 dart slugs
  4 leopard geckos
  26 orcs
  6 giant cockroaches
  6 hobgoblins
  12 jackals
  11 kobolds
  4 quokkas
  8 bats
  4 frilled lizards
  A gnoll zombie (Ossuary)
  2 goblins
  2 hobgoblin zombies (Ossuary)
  A kobold zombie (Ossuary)
  2 orc zombies (Ossuary)
  3 rats
166 creatures vanquished.

Vanquished Creatures (others)
  An orc (D:5)
1 creature vanquished.

Grand Total: 167 creatures vanquished

Notes
Turn   | Place    | Note
-------+----------+-------------------------------------------
     0 | D:1      | Illumine the Deep Dwarf Fighter began the quest for the
                  | Orb.
     0 | D:1      | Reached XP level 1. HP: 20/20 MP: 1/1
   320 | D:1      | Reached XP level 2. HP: 24/27 MP: 2/2
   630 | D:2      | Reached XP level 3. HP: 4/34 MP: 3/3
   633 | D:2      | HP: 1/34 [adder (1)]
   641 | D:1      | Reached skill level 3 in Axes
   853 | D:2      | Reached XP level 4. HP: 40/42 MP: 4/4
  1423 | D:3      | Noticed Jessica
  1429 | D:3      | Killed Jessica
  1598 | D:3      | Reached XP level 5. HP: 32/49 MP: 5/5
  1601 | D:3      | Reached skill level 4 in Axes
  1873 | D:4      | Reached XP level 6. HP: 50/56 MP: 6/6
  1932 | D:4      | Identified the cursed -2 buckler "Filace" {MR++ rCorr Int-4
                  | SInv}
  1983 | D:4      | Found Jusol's Weapon Shop.
  2005 | D:4      | Reached skill level 5 in Axes
  2037 | D:4      | Noticed Edmund
  2047 | D:4      | Killed Edmund
  2047 | D:4      | Reached XP level 7. HP: 45/64 MP: 7/7
  2172 | D:5      | Entered Level 5 of the Dungeon
  2178 | D:5      | Reached skill level 5 in Armour
  2241 | D:5      | Reached skill level 5 in Shields
  2368 | D:5      | Found a white marble altar of Elyvilon.
  2399 | D:5      | Noticed Pikel
  2442 | D:5      | Killed Pikel
  2442 | D:5      | Reached skill level 6 in Axes
  2442 | D:5      | Reached XP level 8. HP: 22/73 MP: 7/7
  2459 | D:5      | Reached skill level 7 in Axes
  2851 | D:6      | Noticed Sigmund
  2863 | D:6      | Killed Sigmund
  2863 | D:6      | Reached skill level 5 in Fighting
  3341 | D:6      | Found a snail-covered altar of Cheibriados.
  3559 | D:7      | Reached skill level 8 in Axes
  3664 | D:7      | Gained mutation: You passively map the area around you.
                  | [Deep Dwarf growth]
  3664 | D:7      | Reached XP level 9. HP: 63/81 MP: 7/7
  3815 | D:7      | Found Himme's Jewellery Emporium.
  3930 | D:7      | Found a staircase to the Ecumenical Temple.
  3947 | Temple   | Entered the Ecumenical Temple
  3977 | Temple   | Became a worshipper of Makhleb the Destroyer
  4019 | D:7      | Found a sand-covered staircase.
  4051 | Ossuary  | Entered an ossuary
  4087 | Ossuary  | Reached skill level 9 in Axes
  4275 | D:7      | Reached * piety under Makhleb
  4280 | D:7      | Reached skill level 1 in Invocations
  5060 | D:8      | Noticed Joseph
  5107 | D:8      | Killed Joseph
  5116 | D:8      | Found Idiqiywe's Weapon Boutique.
  5275 | D:4      | Bought the +5 war axe of the Beast {chop, rC+} for 486 gold
                  | pieces
  5446 | D:8      | Noticed a two-headed ogre
  5457 | D:8      | Mangled by a two-headed ogre

Skill      XL: |  1  2  3  4  5  6  7  8  9 |
---------------+----------------------------+-----
Fighting       | 3 4 5 6 |  6.2
Axes           | 3 4 5 6 8 9 |  9.8
Armour         | 4 5 6 7 |  7.6
Shields        | 4 5 6 7 |  7.5
Invocations    | 3 |  3.1

Action                   |  1- 3 |  4- 6 |  7- 9 || total
-------------------------+-------+-------+-------++-------
Melee: War axe           |    79 |   201 |   502 ||   782
 Abil: Heal Wounds       |     2 |     1 |    20 ||    23
  Use: Scroll            |       |     7 |     5 ||    12
       Potion            |       |     1 |     1 ||     2
  Eat: Chunk             |       |     4 |    11 ||    15
       Ration            |       |       |     1 ||     1
Armor: Scale mail        |    22 |       |       ||    22
       Chain mail        |    21 |    27 |       ||    48
       Plate armour      |       |   111 |   263 ||   374
Dodge: Dodged            |    41 |    35 |    85 ||   161
Block: Shield            |    50 |   111 |   220 ||   381
